AoeStats
← Duckcat

Black Forest

508763543Analyzed
4v4 RM · 10d ago on Sep 24, 2026· 45m 24s· 8 players
Game mode
Random Map
Map size
Large (8 player)
Population
200
Speed
Normal
Resources
Standard
Victory
Conquest
Starting age
Dark Age
Ending age
Imperial Age
RankedLock teamsTeams togetherTeam positionsShared explorationLock speedFull tech treeHidden civsTurbo modeCheats
Victory
Defeat
🇪🇨 Persians · Ecuador
1407
+10
🇪🇸 Turks · Spain
1388
+11
🇨🇱 Saracens · Chile
1317
+14
🇨🇴 Poles · Colombia
1014
+26
🇲🇽 Romans · Mexico
1294
-16
🇺🇸 Bengalis · United States
1252
-15
🇨🇦 Bohemians · Canada
1252
-15
🇸🇪 Danes · Sweden
1248
-15
FATBOY <OBAMA>
11:03 Feudal Age
14:52 Castle Age
13:29 Double-Bit Axe
13:26 Horse Collar
15:50 Bow Saw
16:07 Padded Archer Armor
17:37 Leather Archer Armor
23:57 Gold Mining
27:52 Imperial Age
26:37 Wheelbarrow
25:48 Loom
25:49 Town Watch
26:20 Scale Mail Armor
26:30 Forging
27:03 Forging
28:15 Chain Mail Armor
28:35 Iron Casting
28:00 Pikeman
28:40 Squires
30:10 Chemistry
28:53 Halberdier
30:13 Conscription
30:57 Chemistry
32:24 Blast Furnace
32:40 Siege Engineers
33:20 Block Printing
33:40 Theocracy
33:30 Illumination
33:16 Fervor
33:41 Theocracy
33:16 Fervor
33:07 Atonement
33:27 Sanctity
42:10 Ring Archer Armor
41:30 Fletching
41:48 Paiks
41:47 Elite Skirmisher
42:46 Fortified Wall
42:46 Masonry
Duckcat
3:25 Loom
13:03 Feudal Age
17:35 Castle Age
17:01 Fletching
18:04 Padded Archer Armor
18:11 Bodkin Arrow
18:07 Double-Bit Axe
18:20 Crossbowman
27:50 Wheelbarrow
36:09 Hand Cart
40:25 Imperial Age
38:08 Caravan
38:01 Horse Collar
38:20 Pikeman
39:01 Squires
39:08 Scale Mail Armor
40:31 Halberdier
42:48 Chemistry
42:57 Chemistry
43:05 Chain Mail Armor
44:23 Siege Engineers
Lancelot
0:27 Loom
12:41 Feudal Age
13:20 Double-Bit Axe
12:58 Man-at-Arms
17:56 Fletching
24:30 Castle Age
23:12 Horse Collar
23:25 Gold Mining
23:38 Stone Mining
24:23 Scale Mail Armor
24:51 Long Swordsman
26:51 Bodkin Arrow
27:24 Bow Saw
29:07 Heavy Plow
31:04 Wheelbarrow
31:39 Squires
35:18 Imperial Age
34:26 Forging
35:35 Ballistas
36:10 Ballistics
36:28 Conscription
37:06 Gold Shaft Mining
37:51 Chemistry
37:17 Scale Mail Armor
39:44 Chain Mail Armor
KingGustavRed
1:37 Loom
13:14 Feudal Age
17:04 Castle Age
15:08 Double-Bit Axe
15:04 Horse Collar
25:00 Fletching
29:19 Wheelbarrow
36:20 Imperial Age
38:02 Bow Saw
38:56 Scale Mail Armor
39:07 Forging
38:20 Elite Varangian Guard
39:55 Chain Mail Armor
40:52 Pikeman
41:52 Squires
42:25 Heavy Plow
43:12 Iron Casting
43:13 Conscription
42:59 Gold Mining
BP | Indeleble
9:43 Feudal Age
10:12 Double-Bit Axe
18:53 Castle Age
17:01 Horse Collar
18:02 Bloodlines
18:22 Forging
20:18 Iron Casting
19:48 Husbandry
26:06 Wheelbarrow
30:12 Hand Cart
36:06 Imperial Age
35:38 Scale Barding Armor
35:39 Heavy Plow
37:34 Conscription
38:12 Crop Rotation
38:45 Blast Furnace
38:13 Light Cavalry
39:16 Chain Barding Armor
39:49 Bow Saw
39:34 Winged Hussar
41:42 Lechitic Legacy
El coco
0:33 Loom
11:16 Feudal Age
16:27 Castle Age
14:40 Horse Collar
14:48 Double-Bit Axe
17:24 Heavy Plow
17:36 Bow Saw
30:12 Wheelbarrow
32:10 Imperial Age
31:56 Hand Cart
31:26 Town Watch
31:56 Hand Cart
31:26 Town Watch
31:42 Gold Mining
31:45 Stone Mining
31:58 Treadmill Crane
32:11 Guard Tower
33:04 Gold Shaft Mining
32:36 Fletching
32:46 Padded Archer Armor
33:30 Bodkin Arrow
34:13 Keep
33:58 Ballistics
33:34 Murder Holes
34:21 Town Patrol
34:52 Parthian Tactics
33:47 Heavy Cavalry Archer
34:43 Leather Archer Armor
35:15 Bracer
35:26 Husbandry
35:36 Bloodlines
35:27 Husbandry
35:37 Thumb Ring
36:29 Artillery
36:50 Conscription
36:53 Ballistics
37:23 Ring Archer Armor
37:34 Scale Barding Armor
38:01 Bombard Tower
39:37 Sipahi
39:48 Caravan
40:18 Coinage
40:38 Chain Barding Armor
42:05 Two-Man Saw
44:16 Banking
43:57 Guilds
BP | LordGio
5:08 Loom
9:20 Feudal Age
11:44 Double-Bit Axe
13:25 Fletching
16:34 Horse Collar
23:56 Castle Age
22:18 Padded Archer Armor
22:43 Gold Mining
24:01 Crossbowman
25:25 Bodkin Arrow
25:45 Leather Archer Armor
28:29 Leather Archer Armor
29:52 Bow Saw
29:43 Heavy Plow
35:47 Imperial Age
33:26 Thumb Ring
35:19 Ballistics
36:48 Wheelbarrow
36:37 Town Watch
38:10 Chemistry
36:33 Arbalester
37:33 Bracer
44:10 Ring Archer Armor
44:09 Elite Mameluke
el adriano
10:38 Feudal Age
12:01 Loom
14:39 Castle Age
12:32 Double-Bit Axe
12:28 Horse Collar
15:40 Bow Saw
15:41 Heavy Plow
21:39 Wheelbarrow
24:03 Hand Cart
28:06 Imperial Age
25:58 Town Watch
26:31 Scale Barding Armor
26:36 Forging
27:36 Chain Barding Armor
28:02 Gold Mining
28:03 Stone Mining
29:09 Iron Casting
28:59 Conscription
29:29 Guilds
29:56 Plate Barding Armor
30:45 Two-Man Saw
30:21 Gold Shaft Mining
30:05 Bloodlines
29:55 Husbandry
30:04 Elite War Elephant
34:00 Blast Furnace
33:44 Crop Rotation
34:10 Fletching
35:48 Chemistry
37:30 Stone Shaft Mining
Connection lost

Rejoining the realm…

Still unreachable

The connection could not be restored.

Session expired

The server has moved on; the page needs a fresh start.